Cogmind - Beta 16 @@@ ROGUE MODE // 2025.12.31 @ 18:10:34 Player: Compilatron Result: Destroyed by Y-45 Defender with Heavy Assault Rifle Performance ------------- Evolutions (0) 0 Regions Visited (2) 400 Robots Destroyed (11) 55 Value Destroyed (302) 302 Prototype IDs (0) 0 Alien Tech Used (0) 0 Bonus (0) 0 TOTAL SCORE: 757 Bonus ------- None Cogmind --------- Core Integrity 0/250 Matter 235/300 Energy 250/250 System Corruption 0% Temperature Cool (0) Movement Treading (240) Ox1 Location -10/Subcaves Parts ------- > --- POWER (1) -------- Ion Engine > --- PROPULSION (2) --- Light Treads Light Treads > --- UTILITY (2) ------ Light Humpback > --- WEAPON (2) ------- Subdweller Laser Subdweller Machine Gun > --- INVENTORY (25) --- Wheel Wheel Compact Wheel Compact Wheel Improved Heat Sink Disposable Heat Sink High-capacity Storage Unit Subdweller Optics Small Laser Subdweller Laser Grenade Launcher Grenade Launcher Grenade Launcher Mining Laser Scrap Shield Fragment (47) Peak State ------------ > --- POWER ------------ Ion Engine > --- PROPULSION ------- Light Treads Light Treads > --- UTILITY ---------- Light Humpback > --- WEAPON ----------- Subdweller Laser Subdweller Machine Gun > --- INVENTORY -------- Wheel Wheel Compact Wheel Compact Wheel Improved Heat Sink Disposable Heat Sink High-capacity Storage Unit Subdweller Optics Small Laser Subdweller Laser Grenade Launcher Grenade Launcher Grenade Launcher Mining Laser Scrap Shield Fragment [Rating: 11] Favorites ----------- Power Ion Engine Engine Ion Engine Propulsion Light Treads Treads Light Treads Leg Aluminum Leg Wheel Compact Wheel Utility Light Humpback Storage Light Humpback Weapon Assault Rifle Energy Gun Subdweller Laser Ballistic Gun Assault Rifle Special Weapon Mining Laser Build | -11 -10 -10 ------- Run | Yrd Mat Sub Slots Evolved . | . . . Power . | . . . Propulsion . | . . . Utility . | . . . Weapon . | . . . Parts Attached 14 | 3 3 8 Power 2 | . 1 1 Engine 2 | . 1 1 Core . | . . . Reactor . | . . . Propulsion 4 | 2 1 1 Treads 3 | 2 . 1 Leg . | . . . Wheel 1 | . 1 . Hover . | . . . Flight . | . . . Utility 2 | . 1 1 Device . | . . . Storage 2 | . 1 1 Processor . | . . . Hackware . | . . . Protection . | . . . Artifact . | . . . Weapon 6 | 1 . 5 Energy Gun 2 | . . 2 Energy Cannon . | . . . Ballistic Gun 2 | 1 . 1 Ballistic Cannon . | . . . Launcher . | . . . Special Weapon 2 | . . 2 Impact Weapon . | . . . Slashing Weapon . | . . . Piercing Weapon . | . . . Special Melee Weapon . | . . . Unidentified Prototypes . | . . . Parts Lost 6 | . 1 5 Power 2 | . 1 1 Propulsion 1 | . . 1 Utility . | . . . Weapon 3 | . . 3 Highest Loss Streak 5 | . 1 5 To Critical Strikes . | . . . Average Backups 10 | 6 8 12 Power . | 1 . . Propulsion 3 | 4 3 4 Utility 2 | . . 3 Weapon 4 | 1 3 5 Tool/Special . | . . . Unused Backups 11 | . . 11 Power . | . . . Propulsion 4 | . . 4 Utility 3 | . . 3 Weapon 4 | . . 4 Tool/Special . | . . . Average Slot Usage (%) 81 | . 85 77 Engine 13 | . 14 13 Treads 24 | . 24 24 Wheel 1 | . 3 . Storage 14 | . 14 14 Energy Gun 5 | . . 11 Ballistic Gun 17 | . 28 8 Special Weapon 2 | . . 4 Peak Build Rating 11 | 6 8 11 Average Rating 7 | 6 6 8 On Entrance 6 | 6 6 7 Avg Prop Armor Cover (%) 12 | . 12 . Naked Turns . | . . . Heaviest Build 53 | 12 49 53 Greatest Support 40 | 40 40 40 Greatest Overweight (x) 3 | . 3 2 Average Overweight (x) 1 | . 1 1 Largest Inventory Capacity 25 | 8 20 25 Average Capacity 17 | 8 11 23 Most Carried 16 | 6 13 16 Average Carried 10 | 4 8 13 Final Capacity 25 | 8 20 25 Final Carried 15 | 4 13 15 Class Distribution -------------------- 100% | Mutant Dominant Class ---------------- Mutant | -10/Materials Mutant | -10/Subcaves Resources | -11 -10 -10 ----------- Run | Yrd Mat Sub Matter Collected 500 | 204 249 47 Remotely . | . . . Salvage Created 369 | . 352 17 Parts 20 | . 18 2 Haulers Intercepted 1 | . 1 . Recyclers Shooed . | . . . Parts Field Recycled . | . . . Retrieved Matter . | . . . Parts Self-Destructed . | . . . Prevented . | . . . Parts Restored . | . . . Kills | -11 -10 -10 ------- Run | Yrd Mat Sub Combat Hostiles Destroyed 10 | . 9 1 Guns 9 | . 9 . Cannons 1 | . . 1 Classes Destroyed 5 | . 3 2 Hauler 1 | . 1 . Swarmer 3 | . 3 . Grunt 6 | . 6 . Artisan 1 | . . 1 Subdweller 1 | . . 1 Best Kill Streak 3 | . 3 1 Combat Bots Only 3 | . 3 1 Max Kills in Single Turn 1 | . 1 1 Gunslinging . | . . . Exploded . | . . . Melee . | . . . Uniques/NPCs Destroyed . | . . . Combat | -11 -10 -10 -------- Run | Yrd Mat Sub Hostile Shots Fired 93 | . 52 41 Missed 28 | . 15 13 Hits 65 | . 37 28 Projectile 65 | . 37 28 Critical Strikes 2 | . 1 1 Damage Taken 1039 | . 410 629 Core 261 | . 72 189 Absorbed by Shields . | . . . Core Remaining (%) 100 | 100 . . Volleys Fired 54 | . 34 20 Largest 2 | . 2 2 Hottest 120 | . 40 120 Shots Fired 100 | . 68 32 Gun 91 | . 68 23 Cannon . | . . . Launcher . | . . . Special 9 | . . 9 Kinetic 82 | . 68 14 Thermal 18 | . . 18 Explosive . | . . . Electromagnetic . | . . . Robot Hit Streak 8 | . 8 4 Robot Miss Streak 3 | . 3 3 Penetration Max . | . . . Secondary Targets 1 | . 1 . Max Gunslinging Chain 1 | . 1 . Shots Hit Robots 65 | . 46 19 Core Hits 23 | . 19 4 Critical Kills . | . . . Critical Parts Destroyed 1 | . 1 . Critical Strikes 1 | . 1 . Destroy 1 | . 1 . Melee Attacks . | . . . Impact . | . . . Slashing . | . . . Piercing . | . . . Sneak Attacks . | . . . Combat Hostiles . | . . . Follow-up Attacks . | . . . Damage Inflicted 916 | . 601 315 Guns 796 | . 601 195 Cannons . | . . . Explosions . | . . . Melee . | . . . Ramming . | . . . Kinetic 740 | . 601 139 Thermal 176 | . . 176 Explosive . | . . . Electromagnetic . | . . . Impact . | . . . Slashing . | . . . Piercing . | . . . Highest Corruption . | . . . Average Corruption . | . . . Corruption Purged . | . . . Corruption Blocked . | . . . Overload Shots . | . . . Overflow Damage . | . . . Projectiles . | . . . Explosions . | . . . Melee . | . . . Knockbacks . | . . . Impact . | . . . Kinetic . | . . . Secondary . | . . . Self-Inflicted Damage . | . . . Shots . | . . . Rammed . | . . . Targets Rammed . | . . . Kicked . | . . . Crushed . | . . . Highest Temperature 20 | . 20 . Average Temperature 5 | . 5 . Received Heat Transfer 258 | . 204 54 Siege Activations . | . . . Martial Activations . | . . . Shielding Activations . | . . . Robots Disrupted . | . . . Combat Hostiles . | . . . Robots Corrupted . | . . . Combat Hostiles . | . . . Parts Fried . | . . . Impact Corruptions . | . . . Robots Melted . | . . . Combat Hostiles . | . . . Parts Melted . | . . . Heat Transferred 325 | . . 325 Parts Sabotaged . | . . . Parts Stolen . | . . . Parts Stripped . | . . . Power Chain Reactions . | . . . Alert | -11 -10 -10 ------- Run | Yrd Mat Sub Maximum Alert Level . | . . . Low Security (%) 100 | 100 100 . Level 1 . | . . . Level 2 . | . . . Level 3 . | . . . Level 4 . | . . . Level 5 . | . . . High Security . | . . . Max Security . | . . . Peak Influence 138 | . 138 . Initial . | . . . Average 56 | . 56 . Influence Increases 294 | . 294 . Destroy 0b10 Robot/C 180 | . 180 . Destroy 0b10 Robot/NC 5 | . 5 . Destroy Leader 32 | . 32 . Successful Hack 16 | . 16 . Destroy Structure 1 | . 1 . Partial Spotted 15 | . 15 . Lose Combat Pursuer 45 | . 45 . Influence Decreases 294 | . 252 42 Entered New Map 21 | . . 21 Time Decay 263 | . 242 21 Lost Part 10 | . 10 . Squads Dispatched 1 | . 1 . Investigation . | . . . Extermination . | . . . Reinforcement 1 | . 1 . Assault . | . . . Garrison . | . . . Intercept . | . . . Searches Triggered . | . . . Construction Impeded . | . . . Haulers Reinforced . | . . . Active Scanning Responses . | . . . Cargo Convoy Interrupts . | . . . Stealth | -11 -10 -10 --------- Run | Yrd Mat Sub Distress Signals 2 | . 2 . Communications Jammed . | . . . Distress Signals . | . . . Times Spotted 27 | . 24 3 Peak Tracking Total 6 | . 6 2 Tactical Retreats 3 | . 3 . Traps | -11 -10 -10 ------- Run | Yrd Mat Sub Traps Triggered 1 | . . 1 Indirectly . | . . . Trap Hack Attempts . | . . . Triggered . | . . . Disarmed . | . . . Reprogrammed . | . . . Reused . | . . . Traps Extracted . | . . . Installed . | . . . Triggered . | . . . Machines | -11 -10 -10 ---------- Run | Yrd Mat Sub Machines Disabled . | . . . Max in Single Turn . | . . . Machines Repaired . | . . . Machines Dismantled . | . . . Machines Sabotaged . | . . . Overloaded Fab Kills . | . . . Hacking | -11 -10 -10 --------- Run | Yrd Mat Sub Machines Accessed 5 | . 5 . Terminals 4 | . 4 . Fabricators . | . . . Repair Stations . | . . . Recycling Units 1 | . 1 . Scanalyzers . | . . . Garrison Access . | . . . Total Hacks 17 | . 17 . Successful 10 | . 10 . Failed 7 | . 7 . Catastrophic . | . . . Database Lockouts . | . . . Manual 9 | . 9 . Terminals 11 | . 11 . Fabricators . | . . . Repair Stations . | . . . Recycling Units 6 | . 6 . Scanalyzers . | . . . Garrison Access . | . . . Terminal Hacks 4 | . 4 . Terminal Index 1 | . 1 . Locate Traps 1 | . 1 . Recall Investigation 1 | . 1 . Zone Layout 1 | . 1 . Fabricator Hacks . | . . . Repair Station Hacks . | . . . Recycling Unit Hacks 1 | . 1 . Retrieve Components 1 | . 1 . Scanalyzer . | . . . Garrison Access Hacks . | . . . Unauthorized Hacks 5 | . 5 . Terminals 4 | . 4 . Track 1 | . 1 . Botnet 2 | . 2 . Operators 1 | . 1 . Fabricators . | . . . Repair Stations . | . . . Recycling Units 1 | . 1 . Reject 1 | . 1 . Scanalyzers . | . . . Garrison Access . | . . . Data Cores Recovered . | . . . Used . | . . . Hacking Detections 4 | . 4 . Full Trace Events . | . . . Feedback Events . | . . . Feedback Blocked . | . . . Robot Schematics Acquired . | . . . Robots Built . | . . . Authchips . | . . . Time . | . . . Total Robot Build Rating . | . . . Part Schematics Acquired . | . . . Parts Built . | . . . Authchips . | . . . Time . | . . . Total Part Build Rating . | . . . Part Studies Acquired . | . . . Parts Repaired . | . . . Time . | . . . Parts Recycled . | . . . Recycled Matter . | . . . Retrieved Matter . | . . . Retrieved Components 5 | . 5 . Parts Scanalyzed . | . . . Part Schematics Acquired . | . . . Parts Damaged . | . . . Bothacking | -11 -10 -10 ------------ Run | Yrd Mat Sub Used RIF Installer . | . . . Robots Hacked . | . . . Non-combat . | . . . Combat . | . . . Robot Hacks Applied . | . . . Relay Couplers Released . | . . . Fabnet Peak Effective % . | . . . Robots Rewired . | . . . Allies Hacked . | . . . Hacks Repelled . | . . . Allies | -11 -10 -10 -------- Run | Yrd Mat Sub Total Allies . | . . . Largest Group . | . . . Highest-Rated Group . | . . . Highest-Rated Ally . | . . . Total Orders . | . . . Ally Attacks . | . . . Total Damage . | . . . Kills . | . . . Allies Corrupted . | . . . Allies Melted . | . . . Intel | -11 -10 -10 ------- Run | Yrd Mat Sub Active Infowar (turns) . | . . . Robot Analysis Total . | . . . Derelict Logs Recovered 1 | . . 1 Drone Launches . | . . . Drone Recoveries . | . . . Exploration | -11 -10 -10 ------------- Run | Yrd Mat Sub Turns Passed 1619 | 9 754 856 Spaces Moved 651 | 3 349 299 Core . | . . . Treads 515 | 3 213 299 Legs . | . . . Wheels 136 | . 136 . Hover . | . . . Flight . | . . . Fastest Speed 145 | 160 145 240 Average Speed 199 | 160 156 250 Slowest Speed 320 | 160 240 320 Overloaded Moves . | . . . Propulsion Burnouts . | . . . Robots Hopped . | . . . Potential Cave-ins . | . . . Cave-ins Triggered . | . . . Exploration Rate (%) 31 | 2 68 24 Regions Visited 2 Branch Regions 1 Pre-discovered Areas 1 | . . 1 Known Exits Taken . | . . . Unknown Exits Taken 2 | 1 1 . Scrap Searched . | . . . Spaces Dug . | . . . Terrain Destroyed . | . . . Melee . | . . . Projectile . | . . . AOE . | . . . Terrain Rammed . | . . . Walls Destroyed . | . . . Machines Disabled . | . . . Actions | -11 -10 -10 --------- Run | Yrd Mat Sub Total 852 | 7 490 355 Wait 99 | . 92 7 Move 649 | 2 348 299 Hop . | . . . Pick Up 30 | . 11 19 Fast Attach 1 | . 1 . Attach 7 | . 1 6 Detach . | . . . Swap 7 | 3 1 3 Drop 5 | 2 2 1 Fire 54 | . 34 20 Melee . | . . . Ram . | . . . Kick . | . . . Crush . | . . . Escape Stasis . | . . . Rewire . | . . . Trap . | . . . Miscellaneous . | . . . Route ------- -11/Scrapyard -10/Materials (discovered 3 exits: [*Mat] / [*Min] / [*Sub]) -10/Subcaves History --------- Turn | Location | Event 7 | -11/Scrapyard | Discovered new exit (range 3) 10 | -11/Scrapyard | Entered Materials 259 | -10/Materials | Discovered new exit (range 7) 311 | -10/Materials | Build established: Mutant 659 | -10/Materials | Discovered new exit (range 9) 754 | -10/Materials | Discovered new exit (range 8) 764 | -10/Materials | Entered Subcaves 765 | -10/Subcaves | Approached by a straggling Scientist 797 | -10/Subcaves | Learned location of Zion (-6) 858 | -10/Subcaves | Core integrity fell below 50% 890 | -10/Subcaves | Core integrity fell below 20% 930 | -10/Subcaves | Lost 5 parts (1p1n3w) 1270 | -10/Subcaves | Shifting Twisted Machinery released Sub. Laser 1285 | -10/Subcaves | Shifting Twisted Machinery released Sub. Machine Gun 1321 | -10/Subcaves | A swath of the cavern ceiling suddenly collapsed 1366 | -10/Subcaves | A swath of the cavern ceiling suddenly collapsed 1620 | -10/Subcaves | Destroyed by Y-45 Defender with Heavy Assault Rifle Last Messages --------------- 01287_ Acquired Sub. Laser. 01304_ Acquired Sub. Machine Gun. A swath of the cavern ceiling suddenly collapses. XR-G07(c): "I think it's somewhere west of here" 01331_ NR-B9K(u) cries out in pain. 01331_ NR-B9K(u) destroyed. 01334_ Acquired 17 matter. 01344_ Subatomizers dissect the Lgt. Ion Engine. 01366_ Scrap Shield Fragment crushed. 01366_ Sub. Power Source crushed. 01366_ 36 Matter crushed. 01366_ N0-BG5(R) crushed by falling debris. 01366_ N0-BG5(R) destroyed. 01366_ Scrap Shield Fragment crushed. A swath of the cavern ceiling suddenly collapses. XR-G07(c): "I think it's somewhere northwest of here" Map ----- +----------------------------------------------------+ | ??????# # ## ##???????????????????????????? | | ??????## ###### ####????????????????????????? | | ???????###?????# #????????????????????????? | | ??????????????# ### #????????????????????????? | | ?????????????# #?# ###????????????????????????? | | ?????????????### #?# #??????????????????????????? | | ???????????????# ### #??????????????????????????? | | ????? #?# ?????# #??????????????????????????? | | ???? # ##???# #??????????????????????????? | | ????? " " ???### ##?????????????????????????? | | ?????? #????## #?????????????????????????? | | ???????? #???# #?????????????????????????? | | ?????????# #?## ######?????????????????????? | | ?????????# ### #?????????????????????? | | ?????????# #?????????????????????? | | ?????????## #?????????????????????? | | ??????????## #### #?????????????????????? | | ???????????# ###???###?????????????????????? | | ???????????# #?###?????????????????????????? | | ???????????# ### ##????????????????????????? | | ??????????## #### #????????????????????????? | | ??????????#" ##?# #????????????????????????? | | ??????????#" ### #????????????????????????? | | ??????????## c ###???????? #????????????? | | ???????????#### ### #????????????? | | ??????????????## #### @ Y ????????? | | ???????????????####??## ????????? | | ??????????????????????# #### ????????? | | ??????????????????????#####????? ## ?????????? | | ??????????????????????????????????##?????????????? | | ?????????????????????????????????????????????????? | | ?????????????????????????????????????????????????? | | ?????????????????????????????????????????????????? | | ?????????????????????????????????????????????????? | | ?????????????????????????????????????????????????? | | ?????????????????????????????????????????????????? | | ?????????????????????????????????????????????????? | | ?????????????????????????????????????????????????? | | ?????????????????????????????????????????????????? | | ?????????????????????????????????????????????????? | | ?????????????????????????????????????????????????? | | ?????????????????????????????????????????????????? | | ?????????????????????????????????????????????????? | | ?????????????????????????????????????????????????? | | ?????????????????????????????????????????????????? | | ?????????????????????????????????????????????????? | | ?????????????????????????????????????????????????? | | ?????????????????????????????????????????????????? | | ?????????????????????????????????????????????????? | | ?????????????????????????????????????????????????? | +----------------------------------------------------+ Best States ------------- Heat Dissipation 25 Energy Generation 10 Energy Capacity 250 Matter Stores 300 Matter Capacity 300 Sight Range 16 Terrain Scan Density 10 Evasion (%) 40 Recoil Reduction 2 Item Schematics ----------------- None Robot Schematics ------------------ None Fabricated ------------ Nothing Repaired ---------- Nothing Studied --------- None Alien Tech Used ----------------- None Achievements -------------- None Challenges ------------ None Game ------ Seed FrostInsulationWartreads Manual? 0 Play Time 00:10:43 Cumulative 86.0 hours Start 2025.12.31 @ 18:02:41 End 2025.12.31 @ 18:10:34 Sessions 1 Manual Loads 0 Difficulty Rogue Special Mode None Game No. 142 Rogue 118 Adventurer 20 Explorer 4 Win Type - Total 1 Types 0/0/0/1/0/0/0/0/0/0 Lore% 55 Gallery% 45 Achievement% 36 Wizard Run 0 Options --------- Layout 1 ASCII 0 Keyboard 0 Movement Numpad Keybinds 0 Fullscreen 2 Font 24/Smallcaps Map View 50x35 Zoom Use 0% Tactical HUD 1 Map Filters NONE Filters NONE Steam 1 RUN: 4991b326-ed1a-4d57-9df2-6314e6f1f211